[Event "Late-Titled-Tuesday-Blitz-March-05-2024"]
[Site "Chess.com"]
[Date "2024.03.05"]
[Round "11"]
[White "DanielNaroditsky"]
[Black "Beca95"]
[Result "0-1"]
[WhiteElo "3087"]
[BlackElo "2989"]
[TimeControl "180+1"]
[EndTime "16:03:06 PST"]
[Termination "Beca95 won on time"]

1. e4 e5 2. Nf3 Nc6 3. Nc3 Nf6 4. g3 Bb4 5. Bg2 d6 6. O-O Bxc3 7. dxc3 h6 8. Nd2 Be6 9. f4 b5 10. a4 a6 11. Qe2 Bg4 12. Qd3 Bd7 13. b3 Rb8 14. axb5 axb5 15. c4 O-O 16. Bb2 Re8 17. Bc3 bxc4 18.
Nxc4 Be6 19. Ne3 Bd7 20. f5 Ne7 21. g4 Bb5 22. Nc4 Nc8 23. Qg3 Nd7 24. h4 Bxc4 25. bxc4 Ncb6 26. g5 hxg5 27. hxg5 f6 28. Bf3 fxg5 29.
Bh5 Nxc4 30. Bxe8 Qxe8 31. Qxg5 Nf6 32. Rae1 Qc6 33. Qg6 Qc5+ 34. Kh1 Ne3 35. Rg1 Neg4 36. Rg3 Qc4 37. Ree3 Rb1+ 38. Rg1 Rxg1+ 39. Kxg1 Nxe3 0-1

[Event "Late-Titled-Tuesday-Blitz-March-05-2024"]
[Site "Chess.com"]
[Date "2024.03.05"]
[Round "11"]
[White "Msb2"]
[Black "MagnusCarlsen"]
[Result "0-1"]
[WhiteElo "2997"]
[BlackElo "3249"]
[TimeControl "180+1"]
[EndTime "16:03:08 PST"]
[Termination "MagnusCarlsen won by checkmate"]

1. d4 g6 2. c4 Bg7 3. e4 d6 4. Nc3 c5 5. d5 Bxc3+ 6. bxc3 e5 7. dxe6 Bxe6 8. Rb1 Nf6 9. Bd3 Qe7 10. Ne2 Nc6 11.
O-O Ne5 12. Nf4 b6 13. Nd5 Nxd5 14. cxd5 Bd7 15. Bc2 g5 16. a4 h5 17. Qe2 h4 18. f4 gxf4 19. Bxf4 Rg8 20. Kh1 Rg6 21.
a5 b5 22. Qh5 O-O-O 23. Bxe5 dxe5 24. d6 Qxd6 25. Rbd1 Bg4 26. Rxd6 Bxh5 27. Rd5 Rxd5 28. exd5 Ra6 29. Ra1 Kd7 30. c4 Be2 31. cxb5 Bxb5 32.
Rb1 Rxa5 33. g3 hxg3 34. hxg3 Kd6 35. Be4 a6 36. Rb2 Ra4 37. Bf3 e4 38. Bg2 Kxd5 39.
Rf2 Ke6 40. Rf4 e3 41. Rf3 Ra1+ 42. Kh2 e2 43. Re3+ Kd6 44. g4 e1=Q 45. Rxe1 Rxe1 46.
g5 Re5 47. Kg3 Rxg5+ 48. Kf2 Rxg2+ 49. Kxg2 a5 50. Kf3 a4 51. Kf4 a3 52. Ke3 a2 53.
Kf4 a1=Q 54. Ke3 Qd4+ 55. Kf3 c4 56. Kg3 c3 57. Kh2 c2 58. Kh3 c1=Q 59. Kg2 Qcc3 60. Kh1 Qdd2 61. Kg1 Qcc1# 0-1

[Event "Late-Titled-Tuesday-Blitz-March-05-2024"]
[Site "Chess.com"]
[Date "2024.03.05"]
[Round "11"]
[White "DonBroca"]
[Black "Schattman"]
[Result "1-0"]
[WhiteElo "2175"]
[BlackElo "2393"]
[TimeControl "180+1"]
[EndTime "16:03:08 PST"]
[Termination "DonBroca won on time"]

1. e4 c6 2. d4 d5 3. Nc3 dxe4 4. Nxe4 Nf6 5. Nxf6+ exf6 6. Bf4 Bd6 7. Qd2 O-O 8. Bd3 Bg4 9. f3 Be6 10. Ne2 Qc7 11.
O-O Nd7 12. c3 Rfe8 13. Rfe1 Rad8 14. Bxd6 Qxd6 15. Qf4 Qd5 16. Qh4 g6 17. Nf4 Qd6 18.
Nxe6 fxe6 19. Bc4 Kg7 20. Rad1 Nb6 21. Bb3 Nd5 22. Qe4 b5 23. Bxd5 cxd5 24. Qd3 Rb8 25. Re2 b4 26. c4 dxc4 27. Qxc4 Rbc8 28. Qb3 a5 29. g3 Qd5 30. Qxd5 exd5 31. Rxe8 Rxe8 32.
Kf2 Rc8 33. Ke2 Rc2+ 34. Rd2 Rc4 35. Kd3 Kf7 36. Rc2 Rxc2 37. Kxc2 a4 38. a3 bxa3 39. bxa3 f5 40. Kc3 f4 41. g4 Kf6 42. h4 g5 43. h5 Ke6 44. Kb4 Kd6 45. Kxa4 Kc6 46. Kb4 Kb6 47. a4 Kc6 48. a5 1-0

[Event "Late-Titled-Tuesday-Blitz-March-05-2024"]
[Site "Chess.com"]
[Date "2024.03.05"]
[Round "11"]
[White "WPWPWP-2015"]
[Black "secretworker2027"]
[Result "1-0"]
[WhiteElo "2531"]
[BlackElo "2661"]
[TimeControl "180+1"]
[EndTime "16:03:10 PST"]
[Termination "WPWPWP-2015 won by resignation"]

1. e4 c5 2. Nf3 Nc6 3. Bb5 d6 4. O-O Bd7 5. Re1 Nf6 6. c3 a6 7.
Bd3 Bg4 8. h3 Bh5 9. Na3 e6 10.
Nc2 Be7 11. a4 d5 12. e5 Nd7 13. g4 Bg6 14. Bxg6 hxg6 15. d4 Rxh3 16. Kg2 Rh8 17.
Rh1 Rxh1 18. Qxh1 cxd4 19. cxd4 Qb6 20. Qh8+ Bf8 21. Qg8 Qb3 22. Ne3 Ne7 23. Qh7 O-O-O 24. Bd2 Kb8 25. Bc3 f6 26. exf6 Nxf6 27. Qh2+ Ka8 28.
Ng5 Qb6 29. Qe5 Nc6 30. Qxe6 Bd6 31. Nf7 Bb8 32. Nxd8 Qxd8 33. Rh1 Ne7 34. Bb4 Nc6 35. Bc3 Ne7 36. Ba5 Qxa5 37. Qxe7 Qxa4 38. g5 Nh5 39. Rh4 Nf4+ 40. Kf3 Qxd4 41. Qe8 Ka7 42. b3 Qb4 43.
Qf7 Qe4+ 44. Kg3 Nh5+ 45. Kh3 Qh1+ 46. Kg4 Qe4+ 47. Kh3 Qh1+ 48. Kg4 Qg1+ 49. Kf3 d4 50. Rxd4 Qh1+ 51. Ke2 Qb1 52. Rb4 Qb2+ 53. Kf3 1-0

[Event "Late-Titled-Tuesday-Blitz-March-05-2024"]
[Site "Chess.com"]
[Date "2024.03.05"]
[Round "11"]
[White "jactorres"]
[Black "shirovin"]
[Result "0-1"]
[WhiteElo "2207"]
[BlackElo "2070"]
[TimeControl "180+1"]
[EndTime "16:03:13 PST"]
[Termination "shirovin won on time"]

1. e4 d6 2. d4 Nf6 3. Nc3 Nbd7 4. f4 e5 5. Nf3 exd4 6. Nxd4 Be7 7. Bd3 Nc5 8. O-O O-O 9. h3 Nxd3 10. cxd3 c5 11.
Nf3 Bd7 12. g4 Bc6 13. g5 Nd7 14. Qe1 Re8 15. Qg3 Bf8 16. Bd2 b5 17. Rae1 b4 18.
Nd1 Bb5 19. Nf2 Qb6 20. f5 Ne5 21. Nxe5 Rxe5 22. g6 fxg6 23. fxg6 h6 24. Bf4 Re6 25. Kh2 d5 26. e5 Rxg6 27. Qf3 Bc6 28. Rg1 Rxg1 29.
Rxg1 d4 30. Qg4 Bd5 31. Qh5 Bxa2 32. Ne4 Kh8 33. Rg6 Bf7 34. Nf6 Bxg6 35. Qxg6 gxf6 36. exf6 Qe6 37. Qh5 Qg8 38. Qf5 Qh7 39. Qe6 Rd8 40. Be5 Qxd3 41. f7+ Bg7 42. Bxg7+ Kxg7 43. Qe5+ Kxf7 44. Qf4+ Kg8 45. Qg4+ Kh7 46. Qe6 Qe3 0-1

[Event "Late-Titled-Tuesday-Blitz-March-05-2024"]
[Site "Chess.com"]
[Date "2024.03.05"]
[Round "11"]
[White "DeTimmerman"]
[Black "AlexeiShirov"]
[Result "1-0"]
[WhiteElo "2776"]
[BlackElo "2863"]
[TimeControl "180+1"]
[EndTime "16:03:14 PST"]
[Termination "DeTimmerman won by resignation"]

1. b4 e5 2. Bb2 Bxb4 3. Bxe5 Nf6 4. Nc3 c6 5. a3 Ba5 6. e3 d5 7. Nf3 Nbd7 8. Bg3 O-O 9. Bd3 Nc5 10.
Ne2 Nxd3+ 11. cxd3 Bf5 12. d4 Bd3 13. O-O Ne4 14. Re1 Re8 15. Nf4 Ba6 16. Qc2 Qf6 17. Nd3 Qf5 18. Nh4 Qh5 19. Nb4 Bb5 20. d3 Nxg3 21.
hxg3 Re6 22. Qd1 Qg5 23. Nf3 Qe7 24. Rb1 Re8 25. g4 Rg6 26. Ne5 Rh6 27. g3 f6 28.
Nf3 Qe6 29. Nh4 g6 30. Kg2 f5 31. gxf5 gxf5 32. Rh1 Kh8 33. Qf3 Rf8 34. Qf4 Bxb4 35.
Rxb4 Bxd3 36. Rxb7 Rg8 37. f3 a5 38. Kf2 a4 39. Rc1 Bc4 40. Rcb1 Bb5 41. Kg2 Rh5 42.
Rc1 Qf6 43. Rh1 Bc4 44. Ng6+ Rxg6 45. Rxh5 h6 46. Rxh6+ Rxh6 47. Qb8+ 1-0

[Event "Late-Titled-Tuesday-Blitz-March-05-2024"]
[Site "Chess.com"]
[Date "2024.03.05"]
[Round "11"]
[White "1g60-1"]
[Black "Ducke13"]
[Result "1-0"]
[WhiteElo "2305"]
[BlackElo "2368"]
[TimeControl "180+1"]
[EndTime "16:03:16 PST"]
[Termination "1g60-1 won by checkmate"]

1. Nf3 Nf6 2. e3 g6 3. c4 Bg7 4.
Nc3 O-O 5. d4 d5 6. cxd5 Nxd5 7.
Be2 c5 8. O-O Nc6 9. h3 cxd4 10.
Nxd4 Nxd4 11. exd4 Be6 12. Bf3 Rc8 13. Qd2 Rc4 14.
Ne2 Qc7 15. Qg5 Bf6 16. Qh6 Rc8 17. Be3 Qa5 18. a3 Nxe3 19. Qxe3 Qc7 20. Rfc1 Qd7 21. Rxc4 Rxc4 22. Rd1 Bd5 23. Nc3 Bxf3 24. Qxf3 Bxd4 25.
Nd5 Qe6 26. b3 Rc5 27. Rxd4 Qe5 28. Rd1 e6 29. Nf6+ Kg7 30. Nd7 Qc7 31. Nxc5 Qxc5 32. b4 Qe7 33. Qc3+ e5 34. Qd3 Qe6 35. Qd5 Qf6 36.
Re1 e4 37. Qxe4 Qa6 38. Qe5+ Kg8 39. Qe3 Qa4 40. g3 Kg7 41. Kg2 a6 42. h4 h5 43.
Qe5+ Kh7 44. Re3 Qd1 45. Rf3 Kg8 46. Qe8+ Kg7 47. Qxf7+ Kh6 48. Qf8+ Kh7 49. Rf7# 1-0

[Event "Late-Titled-Tuesday-Blitz-March-05-2024"]
[Site "Chess.com"]
[Date "2024.03.05"]
[Round "11"]
[White "dosto07"]
[Black "chess94cu"]
[Result "0-1"]
[WhiteElo "2511"]
[BlackElo "2639"]
[TimeControl "180+1"]
[EndTime "16:03:17 PST"]
[Termination "chess94cu won by resignation"]

1. e4 c5 2. Nf3 d6 3. Bb5+ Bd7 4.
Bxd7+ Qxd7 5. O-O Nc6 6. c3 Nf6 7. Qe2 e6 8. d4 cxd4 9. cxd4 d5 10. e5 Ne4 11. Nbd2 Nxd2 12. Bxd2 Be7 13. g3 O-O 14.
Kg2 Rfc8 15. h4 Bb4 16. Bf4 Ne7 17. Qd3 h6 18. g4 a6 19. h5 Qb5 20. Qxb5 axb5 21.
a3 Ba5 22. Rfc1 Rc4 23. b3 Rcc8 24. Kf1 Bb6 25. Ke2 Nc6 26. Be3 Ra6 27. Ne1 Rca8 28. Nc2 Bd8 29. Rab1 Be7 30. a4 bxa4 31. bxa4 Rxa4 32.
Rxb7 Rc4 33. Kd1 Ra2 34. Rc7 Bg5 35. Rc8+ Kh7 36. f4 Bh4 37. Rf8 f6 38. Rf7 fxe5 39. fxe5 Bg5 40. Bxg5 hxg5 41. Rd7 Nxd4 42. Nxd4 Rxd4+ 43. Ke1 Rxg4 44. Kf1 Rh4 45. Kg1 Rxh5 46. Rcc7 Kg6 47. Rxg7+ Kf5 48. Rgf7+ Kxe5 49. Rf2 Rxf2 50.
Kxf2 Rh2+ 51. Kg3 Ra2 52. Kg4 d4 0-1

[Event "Late-Titled-Tuesday-Blitz-March-05-2024"]
[Site "Chess.com"]
[Date "2024.03.05"]
[Round "11"]
[White "AlexTruskavetsky"]
[Black "LangesNasenhaar"]
[Result "1-0"]
[WhiteElo "2682"]
[BlackElo "2519"]
[TimeControl "180+1"]
[EndTime "16:03:18 PST"]
[Termination "AlexTruskavetsky won by resignation"]

1. d4 g6 2. e4 Bg7 3. c4 c5 4. d5 d6 5. f4 e6 6. Nc3 exd5 7. cxd5 Nf6 8. Nf3 O-O 9. Bd3 Re8 10.
O-O Bg4 11. h3 Bxf3 12. Qxf3 Nbd7 13. a4 a6 14. Bd2 Qc7 15. Nd1 c4 16. Rc1 b5 17. b3 Nc5 18. bxc4 Nxd3 19. Qxd3 Nxe4 20. cxb5 Qb7 21. Be3 axb5 22. axb5 Ra5 23. Rb1 f5 24. Nf2 Nc3 25. Bd2 Ra3 26. Bxc3 Rxc3 27. Qd2 Rc5 28. Rfe1 Rxe1+ 29. Qxe1 Rxd5 30. Qe6+ Kf8 31. b6 Bd4 32. Qe2 Ra5 33. Qd2 Ra4 34. Kh1 Kg7 35. Nd1 Kh6 36. Nc3 Ra3 37. Qxd4 Ra6 38. Qd5 Qb8 39.
b7 Ra7 40. Qc6 Rxb7 41. Qxb7 Qe8 42. Qf3 Qe6 43. Rd1 Qc4 44. Ne2 Qa4 45. Ng3 d5 46. Rxd5 Qa1+ 47. Kh2 Qa8 48. Rxf5 1-0

[Event "Late-Titled-Tuesday-Blitz-March-05-2024"]
[Site "Chess.com"]
[Date "2024.03.05"]
[Round "11"]
[White "Penafiel-Josselyne02"]
[Black "Roedor"]
[Result "0-1"]
[WhiteElo "2060"]
[BlackElo "2298"]
[TimeControl "180+1"]
[EndTime "16:03:19 PST"]
[Termination "Roedor won by resignation"]

1. d4 Nf6 2. c4 g6 3. Nc3 Bg7 4. e4 d6 5. Be2 O-O 6. Be3 e5 7. d5 Na6 8. g4 Nc5 9. f3 c6 10.
h4 cxd5 11. Nxd5 Nxd5 12. Qxd5 Be6 13. Qd2 f5 14. gxf5 gxf5 15. Rd1 fxe4 16. Qxd6 Nd3+ 17. Rxd3 exd3 18. Qxe6+ Kh8 19. Bd1 e4 20. Rh2 Re8 21.
Qg4 exf3 22. Kf2 Rxe3 23. Kxe3 Qb6+ 24. Kxf3 Rf8+ 25. Kg2 Be5 26. Rh3 Rg8 27. Qxg8+ Kxg8 28. Rxd3 Qxb2+ 29. Kf1 Qxa2 30. c5 Kf8 31. Rf3+ Ke7 32.
Bb3 Qb1+ 33. Kg2 Qg6+ 34. Kf1 Bd4 35. Ne2 Bxc5 36. Nf4 Qb1+ 37. Kg2 Qg1+ 38. Kh3 Bd6 39. Nd5+ Kd7 40. Rf7+ Kc6 41. Ne7+ Bxe7 42. Rxe7 Qh1+ 43. Kg4 Qg2+ 44. Kh5 Qf3+ 45. Kh6 Qxb3 46. Rxh7 Qg3 47. Rg7 Qxh4+ 48. Kg6 Qg3+ 49. Kf7 Qxg7+ 50. Kxg7 a5 51. Kf8 a4 52. Kf7 a3 0-1

[Event "Late-Titled-Tuesday-Blitz-March-05-2024"]
[Site "Chess.com"]
[Date "2024.03.05"]
[Round "11"]
[White "manitodeplomo"]
[Black "anasta10"]
[Result "1-0"]
[WhiteElo "2711"]
[BlackElo "2527"]
[TimeControl "180+1"]
[EndTime "16:03:20 PST"]
[Termination "manitodeplomo won by resignation"]

1. d4 Nf6 2. c4 c5 3. d5 d6 4.
Nc3 g6 5. e4 Bg7 6. h3 O-O 7.
Nf3 e6 8. Bd3 exd5 9. cxd5 b5 10. Nxb5 Nxe4 11. Bxe4 Re8 12. O-O Rxe4 13. Ng5 Re8 14.
Qf3 f5 15. Ne6 Bxe6 16. dxe6 Na6 17. Bf4 d5 18. Nd6 Rxe6 19. Qxd5 Nc7 20. Qc4 Qd7 21.
Rad1 Rd8 22. Rd2 Qe7 23. Qxc5 Kh8 24. Rfd1 Rf8 25. Qc4 Na8 26. Be3 Nb6 27. Qb3 f4 28.
Bc5 Re1+ 29. Kh2 Rxd1 30. Rxd1 f3 31. g3 Qe5 32. Nf7+ Rxf7 33. Qxf7 h5 34. Qxg6 Qxc5 35.
Rd8+ Bf8 36. Qf6+ Kg8 37. Qxf3 Qg5 38. Rd4 Qg6 39. Rh4 Bg7 40. Qxh5 Qxh5 41. Rxh5 Bxb2 42. Ra5 Bd4 43. Rxa7 Bxf2 44. Rb7 Bc5 45. h4 Kf8 46. Kh3 Nd5 47. Rb5 1-0

[Event "Late-Titled-Tuesday-Blitz-March-05-2024"]
[Site "Chess.com"]
[Date "2024.03.05"]
[Round "11"]
[White "Squirlolz"]
[Black "Rud_2008"]
[Result "1-0"]
[WhiteElo "2624"]
[BlackElo "2764"]
[TimeControl "180+1"]
[EndTime "16:03:21 PST"]
[Termination "Squirlolz won by checkmate"]

1. b3 d5 2. Bb2 Nf6 3. e3 a5 4.
c4 c6 5. Nf3 Bg4 6. h3 Bf5 7.
cxd5 cxd5 8. Ne5 Nbd7 9. Bb5 e6 10. g4 Bg6 11. g5 Bh5 12. Nxd7 Nxd7 13. Qxh5 Qc7 14. Nc3 Bb4 15. Rc1 Qd6 16. O-O O-O 17.
Bxd7 Qxd7 18. a3 Bd6 19. a4 Bb4 20. Nb5 Rfc8 21. Qe2 Qe7 22. f4 Rc6 23. Nd4 Rb6 24.
Nb5 Rc6 25. Rxc6 bxc6 26. Nd4 Qd7 27. Rc1 c5 28. Nf3 Rb8 29. Bc3 Ba3 30. Ne5 Qd8 31. Rb1 Rc8 32. Ra1 Bb4 33. Bxb4 cxb4 34. Qh5 Qe7 35.
Qd1 Qc7 36. Nd3 Qe7 37. Rc1 Rd8 38. Rc6 d4 39. e4 Qd7 40. Qc2 e5 41. f5 Qe7 42. h4 h6 43. Rc7 Qd6 44. Qc4 Rf8 45. g6 Kh8 46. Rxf7 Rd8 47. Qe6 Qb8 48. f6 Re8 49.
fxg7+ Kg8 50. Re7# 1-0

[Event "Late-Titled-Tuesday-Blitz-March-05-2024"]
[Site "Chess.com"]
[Date "2024.03.05"]
[Round "11"]
[White "Perecke"]
[Black "sergiochess83"]
[Result "1-0"]
[WhiteElo "2596"]
[BlackElo "2835"]
[TimeControl "180+1"]
[EndTime "16:03:22 PST"]
[Termination "Perecke won by resignation"]

1. e4 e6 2. d4 d5 3. Nc3 Nf6 4. e5 Nfd7 5. Nce2 c5 6. c3 Nc6 7. f4 b5 8. Nf3 a5 9. f5 exf5 10. Nf4 Nb6 11. Bxb5 Bd7 12. e6 fxe6 13. Bxc6 Bxc6 14.
Ne5 Qc7 15. Qh5+ g6 16. Nfxg6 hxg6 17. Qxh8 O-O-O 18. Qf6 Bb5 19. Bf4 Kb7 20. Nxg6 Bd6 21. Bxd6 Rxd6 22. Qe7 Rd7 23. Qxc5 Rg7 24. Qxb5 Rxg6 25.
g3 f4 26. O-O-O a4 27. Qc5 Qh7 28. Rdf1 Rf6 29. gxf4 Ka6 30. f5 exf5 31. Rf4 Re6 32. Rhf1 Qxh2 33. R4f2 Qg3 34. Kb1 Qd3+ 35. Ka1 Re2 36.
Rxe2 Qxe2 37. Rb1 f4 38. b3 a3 39. b4 Kb7 40. b5 Qd3 41. Qc6+ Ka7 42. Qc7+ Ka8 43.
Qc6+ Kb8 44. Rc1 Ka7 45. Qc7+ Ka8 46. Qxb6 Qxc3+ 47. Rxc3 f3 48. Qc6+ 1-0

[Event "Late-Titled-Tuesday-Blitz-March-05-2024"]
[Site "Chess.com"]
[Date "2024.03.05"]
[Round "11"]
[White "giomar27"]
[Black "IMRosen"]
[Result "1-0"]
[WhiteElo "2461"]
[BlackElo "2650"]
[TimeControl "180+1"]
[EndTime "16:03:23 PST"]
[Termination "giomar27 won on time"]

1. Nc3 d5 2. d4 Nf6 3. Bf4 c5 4. e4 Nxe4 5. Nxe4 dxe4 6. dxc5 Nd7 7. b4 e5 8. Bg3 Be7 9. Bc4 O-O 10. f3 a5 11. c3 e3 12. Ne2 Kh8 13. O-O f5 14. f4 g5 15. fxe5 f4 16. e6 Nf6 17.
Qxd8 Rxd8 18. Nxf4 gxf4 19. Bxf4 axb4 20. Be5 Kg7 21. cxb4 e2 22. Rfe1 Rd2 23. Bb3 Ra6 24. Bc3 Rd3 25. Rac1 Bxe6 26. Rxe2 Bxb3 27. Rxe7+ Bf7 28.
Rxb7 Rxa2 29. Bxf6+ Kxf6 30. Rf1+ Kg6 31. Rbxf7 Rdd2 32.
R7f2 Rdb2 33. Rxb2 Rxb2 34. Rf4 Rc2 35. h4 h6 36. Kh2 h5 37. Kg3 Rc3+ 38. Kf2 Rc2+ 39. Kf3 Rc3+ 40. Ke4 Rc2 41. Kd5 Rxg2 42. Rc4 Rd2+ 43.
Kc6 Kf5 44. Kb6 Rd8 45. c6 Kg6 46. c7 Rd7 47. c8=N Rf7 48. Nd6 Rf6 49. Kc6 Kg7 50.
b5 Rf8 51. b6 Kh7 52. b7 Rg8 53. Nc8 Rg6+ 54. Kb5 Rg1 55. b8=Q Rg6 56. Qc7+ Kh6 57. Rc6 1-0

[Event "Late-Titled-Tuesday-Blitz-March-05-2024"]
[Site "Chess.com"]
[Date "2024.03.05"]
[Round "11"]
[White "Alphafischer2019"]
[Black "karinachess1"]
[Result "1-0"]
[WhiteElo "2750"]
[BlackElo "2605"]
[TimeControl "180+1"]
[EndTime "16:03:24 PST"]
[Termination "Alphafischer2019 won by resignation"]

1. Nf3 Nf6 2. b3 g6 3. Bb2 Bg7 4. g3 O-O 5. Bg2 d6 6. O-O e5 7.
c4 Nc6 8. d3 h6 9. Nc3 Be6 10.
a3 a5 11. Nd2 Qd7 12. Nd5 Ne7 13. Nxf6+ Bxf6 14. Bxb7 Rab8 15. Bg2 Bg7 16. Bc3 Nc6 17.
Rb1 d5 18. cxd5 Bxd5 19. Bxd5 Qxd5 20. Qc2 Rb7 21. Ba1 Nd4 22. Bxd4 exd4 23. Qc4 Qd6 24.
Ra1 Re8 25. Rfe1 Qb6 26. Rac1 Bf8 27. Qd5 Rbb8 28. Rc6 Qb7 29. Rxg6+ Bg7 30. Qxb7 Rxb7 31.
Ra6 Rb5 32. Kf1 Bf8 33. a4 Rb7 34. Ne4 Kg7 35. Rc1 Rxb3 36. Rxa5 Re7 37. Rf5 Ra3 38. a5 Ra2 39. h4 Rd7 40. Rb5 Ba3 41. Rc6 Re7 42.
f4 Bd6 43. Kf2 Kg6 44. f5+ Kh7 45. g4 Ra1 46. Rb7 Re5 47. a6 Ra2 48. Kf3 Rea5 49. Nxd6 cxd6 50. Rxf7+ Kg8 51. Rb7 Rc5 52. Rxc5 dxc5 53.
a7 Kf8 54. Rb8+ 1-0

[Event "Late-Titled-Tuesday-Blitz-March-05-2024"]
[Site "Chess.com"]
[Date "2024.03.05"]
[Round "11"]
[White "K_A_S_T_O_R"]
[Black "TenisMaster"]
[Result "1-0"]
[WhiteElo "2862"]
[BlackElo "2888"]
[TimeControl "180+1"]
[EndTime "16:03:25 PST"]
[Termination "K_A_S_T_O_R won by resignation"]

1. e4 d5 2. exd5 Qxd5 3. Nc3 Qa5 4. g3 Nf6 5. Bg2 c6 6. h3 Bf5 7. Nf3 e6 8. O-O Nbd7 9. d3 Be7 10. Qe2 O-O 11.
Bd2 Qc7 12. Rfe1 Rfe8 13. a3 a5 14. Rab1 h6 15. b4 axb4 16. axb4 Nd5 17. Ne4 Ra2 18. Rec1 Ne5 19. Nd4 Bh7 20. f4 Qb6 21. Qf2 Nd7 22. Nc3 Nxc3 23. Bxc3 Bf6 24. Ne2 Qc7 25. Bxf6 Nxf6 26.
Nc3 Ra3 27. Qd2 Qd6 28. Kh2 h5 29. Ne2 h4 30. Rf1 hxg3+ 31. Nxg3 Ra2 32. Ra1 Rea8 33. Rxa2 Rxa2 34. Rf2 Nd5 35. Bxd5 cxd5 36. Qc3 Bg6 37. Qc8+ Kh7 38. Qxb7 d4 39. Ne4 Bxe4 40. Qxe4+ g6 41.
Qe5 Qxb4 42. Qc7 Kg7 43. Rg2 Ra5 44. Re2 Rf5 45. Kg3 Qb1 46. Kg2 Qd1 47. Rf2 Qe1 48. Qd6 e5 49. h4 Qe3 50. Rf3 Qe2+ 51. Kg3 exf4+ 52. Rxf4 Qe1+ 53. Kg2 Qd2+ 54. Kf3 Qe3+ 55. Kg4 Qg1+ 56. Kf3 Qf1+ 57. Ke4 Qg2+ 58. Kxd4 Qg1+ 59. Kc4 Ra5 60. Qd4+ Kg8 61. Qxg1 1-0

[Event "Late-Titled-Tuesday-Blitz-March-05-2024"]
[Site "Chess.com"]
[Date "2024.03.05"]
[Round "11"]
[White "HamedWafa4"]
[Black "Zhigalko_Sergei"]
[Result "1-0"]
[WhiteElo "2773"]
[BlackElo "2861"]
[TimeControl "180+1"]
[EndTime "16:03:25 PST"]
[Termination "HamedWafa4 won on time"]

1. d4 Nf6 2. Nc3 d5 3. Bf4 a6 4. e3 b5 5. Nf3 e6 6. Ne5 c5 7. g4 Nfd7 8. Bg2 Nxe5 9. Bxe5 Nc6 10. Bg3 Bb7 11. O-O Rc8 12. Ne2 Be7 13. c3 O-O 14. Nf4 b4 15. Nd3 bxc3 16. bxc3 cxd4 17.
cxd4 a5 18. Qd2 Ba6 19. Rfc1 Ba3 20. Rc3 Bb4 21. Nxb4 axb4 22. Rc5 Bc4 23. Bf1 Qb6 24. Rb1 Bxf1 25. Kxf1 Ra8 26. Kg2 h6 27. h4 Rfc8 28.
g5 hxg5 29. hxg5 Qa6 30. Rbc1 Qa4 31. g6 fxg6 32. Qd3 Kf7 33. e4 Ne7 34. exd5 exd5 35. Qf3+ Kg8 36. Qe3 Rxc5 37. Qe6+ Kf8 38. Rxc5 Qe8 39.
Bd6 Qf7 40. Qe5 Kg8 41. Qxe7 Qf5 42. Qe5 Qg4+ 43. Qg3 Qxd4 44. Qxg6 Qd3 45. Qxd3 Ra6 46. Qxd5+ 1-0

[Event "Late-Titled-Tuesday-Blitz-March-05-2024"]
[Site "Chess.com"]
[Date "2024.03.05"]
[Round "11"]
[White "rionelG"]
[Black "Zampronha1971"]
[Result "1/2-1/2"]
[WhiteElo "2212"]
[BlackElo "2319"]
[TimeControl "180+1"]
[EndTime "16:03:25 PST"]
[Termination "Game drawn by repetition"]

1. e4 c5 2. Nf3 e6 3. d4 cxd4 4. Nxd4 Nc6 5. Nc3 Qc7 6. Nxc6 bxc6 7. g3 Nf6 8. Bg2 d5 9. O-O Be7 10. Re1 O-O 11. Bg5 h6 12. Be3 Rd8 13. exd5 cxd5 14. Bd4 Rb8 15. a4 Bd7 16. Nb5 Bxb5 17. axb5 Rxb5 18.
Rxa7 Rb7 19. Rxb7 Qxb7 20. c4 Bb4 21. Re2 Be7 22. c5 Qb5 23. Rc2 Rc8 24. Qd2 Nd7 25. b4 Bf6 26. c6 Rxc6 27. Bf1 Rxc2 28. Qxc2 Qxb4 29. Qc8+ Nf8 30. Bc5 Qc3 31. Qxf8+ Kh7 32. Be7 Bxe7 33. Qxe7 Qf3 34. Qc5 Qf5 35. Qe3 e5 36.
Bd3 e4 37. Be2 Qe5 38. f3 f5 39. fxe4 fxe4 40. Bg4 d4 41. Qf4 Qxf4 42. gxf4 Kg6 43. Kf2 Kf6 44. Ke2 g5 45. fxg5+ Kxg5 46. Bd7 Kf4 47.
Bc6 h5 48. Kd2 h4 49. h3 Kf3 50. Bd7 Kf4 51. Ke2 Kg3 52. Bc8 Kf4 53. Bd7 Ke5 54.
Bc8 Kf4 55. Bd7 1/2-1/2

[Event "Late-Titled-Tuesday-Blitz-March-05-2024"]
[Site "Chess.com"]
[Date "2024.03.05"]
[Round "11"]
[White "Slovak_fighter2000"]
[Black "corvachesky"]
[Result "1-0"]
[WhiteElo "2647"]
[BlackElo "2517"]
[TimeControl "180+1"]
[EndTime "16:03:27 PST"]
[Termination "Slovak_fighter2000 won on time"]

1. c4 Nf6 2. Nc3 c5 3. g3 d5 4. cxd5 Nxd5 5. Bg2 Nc7 6. Nf3 Nc6 7. d3 e5 8. O-O Be7 9. Bd2 O-O 10. Rc1 b6 11. Nxe5 Nxe5 12. Bxa8 Nxa8 13. Qa4 Bh3 14. Rfe1 Qd7 15.
Qxd7 Bxd7 16. Nd5 Bd6 17. b4 cxb4 18. Bxb4 Bxb4 19. Nxb4 Be6 20. a3 a5 21. Nc6 Nxc6 22.
Rxc6 Rb8 23. d4 b5 24. Ra6 a4 25. e4 Bc4 26. d5 Kf8 27. Rb1 Nb6 28. Ra5 Ke7 29.
Ra7+ Ke8 30. f4 Bb3 31. d6 Nc4 32. e5 Nxa3 33. Rc1 Nc4 34. Re1 Nd2 35. Re2 Nf3+ 36.
Kf2 Nd4 37. Rd2 Ne6 38. f5 Nc5 39. Ke3 Nd7 40. Kf4 b4 41. Re2 Nc5 42. Rc7 Na6 43. Ra7 Nc5 44. Re7+ Kf8 45. Rc7 Na6 46. Rc6 Ra8 47. e6 fxe6 48. fxe6 a3 49. d7 Bxe6 50. Rexe6 a2 51. Rxa6 Rd8 52. Rxa2 1-0

[Event "Late-Titled-Tuesday-Blitz-March-05-2024"]
[Site "Chess.com"]
[Date "2024.03.05"]
[Round "11"]
[White "Onthequiet"]
[Black "sonson28291"]
[Result "1-0"]
[WhiteElo "2418"]
[BlackElo "2270"]
[TimeControl "180+1"]
[EndTime "16:03:27 PST"]
[Termination "Onthequiet won on time"]

1. d4 Nf6 2. Nf3 b6 3. c4 c5 4. d5 b5 5. cxb5 a6 6. bxa6 Bxa6 7. Nc3 d6 8. Nd2 g6 9. e4 Bxf1 10. Nxf1 Nbd7 11. Ne3 Bg7 12. O-O O-O 13. Qc2 Qb6 14. Nc4 Qb7 15. Bg5 Rfb8 16. b3 h6 17. Bh4 Qb4 18.
Rac1 g5 19. Bg3 Nh5 20. Na4 Nxg3 21. hxg3 Ne5 22. Ne3 e6 23. Rfd1 Ra6 24. Qe2 Rba8 25. Nc4 Nxc4 26. Rxc4 Qb5 27. dxe6 fxe6 28. Qg4 Qe8 29.
f4 Bd4+ 30. Kh2 Qg6 31. e5 dxe5 32. Nxc5 Rxa2 33. Nxe6 Rf2 34. Nxd4 exd4 35. Rcxd4 h5 36. Rd8+ Rxd8 37. Rxd8+ Kh7 38. Qxg5 Qxg5 39. fxg5 Rb2 40. Rb8 Kg6 41. Rb5 Rb1 42. b4 Rb3 43. Kh3 Rb1 44.
g4 Rb3+ 45. Kh4 hxg4 46. Kxg4 Rb1 47. Rb6+ Kg7 48. g6 Rb2 49. g3 Rb3 50. Kf4 Rb1 51.
g4 1-0

[Event "Late-Titled-Tuesday-Blitz-March-05-2024"]
[Site "Chess.com"]
[Date "2024.03.05"]
[Round "11"]
[White "MatthewG-p4p"]
[Black "BeanScreen"]
[Result "1-0"]
[WhiteElo "2887"]
[BlackElo "2713"]
[TimeControl "180+1"]
[EndTime "16:03:32 PST"]
[Termination "MatthewG-p4p won by checkmate"]

1. f4 d5 2. Nf3 Nf6 3. g3 g6 4. Bg2 Bg7 5. O-O O-O 6. d3 c5 7. Ne5 Nbd7 8. Nxd7 Bxd7 9. e4 dxe4 10. dxe4 Bb5 11. Re1 Qxd1 12. Rxd1 Rfd8 13. Re1 Ng4 14. e5 Rd7 15. Nc3 Bc6 16. Bxc6 bxc6 17. h3 Nh6 18. Ne4 Rad8 19. Nxc5 Rd1 20. Be3 Rxa1 21. Rxa1 Nf5 22.
Kf2 g5 23. Nd3 f6 24. Bxa7 h5 25. exf6 Bxf6 26. fxg5 Bxg5 27. Re1 h4 28. g4 Ng3 29. Kg2 Ra8 30. Bc5 Rxa2 31. Bxe7 Bxe7 32. Rxe7 Ra1 33.
Re1 Ra4 34. Re6 Ra1 35. Rxc6 Rd1 36. Rf6 Ne4 37. Rh6 Rd2+ 38. Kf3 Ng5+ 39. Ke3 Rxc2 40. Rxh4 Rh2 41. b4 Rh1 42. Rh5 Ne6 43. Nc5 Ng7 44. Rh6 Rb1 45. Nd3 Kf7 46. Kd4 Ne6+ 47. Ke5 Ng5 48. Kf5 Nf3 49. h4 Rf1 50. Ke4 Nd2+ 51. Ke3 Nc4+ 52. Kd4 Nd2 53. g5 Rg1 54.
Ke3 Nc4+ 55. Kf2 Rg4 56. Kf3 Rd4 57. Ke2 Re4+ 58. Kf2 Rd4 59. Rf6+ Kg7 60. Rf4 Rxd3 61. Rxc4 Kg6 62. Ke2 Rb3 63. Kd2 Kh5 64. Kc2 Ra3 65.
b5 Ra2+ 66. Kb3 Ra1 67. Kb4 Rb1+ 68. Kc5 Re1 69. b6 Re7 70. Rb4 Rb7 71. Kc6 Rb8 72. b7 Rg8 73. b8=Q Rg7 74. Qh8+ Kg6 75. Qh6+ Kf5 76. Qf6# 1-0